 Dungeon Sprint DCSS version 0.22-a0-482-g76e0a5f51a (webtiles) character file.

17266 Fallony the Blocker (level 12, -6/103 HPs)
             Began as a Gnoll Fighter on June 17, 2018.
             Was the Champion of Cheibriados.
             Killed from afar by a frost giant (26 damage)
             ... with a bolt of cold
             ... in the Dungeon (Sprint IX: "|||||||||||||||||||||||||||||").
             The game lasted 00:08:27 (1948 turns).

Fallony the Blocker (Gnoll Fighter)                 Turns: 1948, Time: 00:08:28

Health: -6/103     AC: 18    Str: 41    XL:     12   Next: 46%
Magic:  1/27       EV: 23    Int: 28    God:    Cheibriados [******]
Gold:   649        SH: 18    Dex: 38    Spells: 34/34 levels left

rFire    + . .     SeeInvis +   o - +2 scimitar of Dismemberment {holy, -Tele rPois Str+8 Stlth+}
rCold    + . .     Gourm    .   c - +0 shield
rNeg     . . .     Faith    .   I - +0 shadow dragon scales
rPois    +         Spirit   .   H - +3 crown of Dyrovepreva {rElec Int+2 SInv}
rElec    +         Reflect  .   y - +0 cloak
rCorr    .         Harm     .   F - +0 pair of gloves {Dex+3}
MR       .....     NoTele   +   D - -5 pair of boots of Jigum {Stlth+}
Stlth    +++++++++.             (no amulet)
HPRegen  0.27/turn              p - ring of protection from fire
MPRegen  0.20/turn              z - ring of protection from cold

@: very slow
A: distributed training, fangs 1, strong nose
a: Bend Time, Temporal Distortion, Slouch, Step From Time, Renounce Religion


You were in the Dungeon.
You worshipped Cheibriados.
Cheibriados was exalted by your worship.
You were very hungry.

You visited 1 branch You collected 1923 gold pieces.
You spent 1274 gold pieces at shops.

Inventory:

Hand Weapons
 o - the +2 scimitar of Dismemberment (weapon) {holy, -Tele rPois Str+8 Stlth+}
   (You found it in the Dungeon)

   It has been blessed by the Shining One to cause great damage to the undead
   and demons.
   It affects your strength (+8).
   It protects you from poison.
   It prevents most forms of teleportation.
   It makes you more stealthy.
 G - a +1 demon whip of freezing
Armour
 c - a +0 shield (worn)
 r - a +1 scale mail
 y - a +0 cloak (worn)
 D - the -5 pair of boots of Jigum (worn) {Stlth+}
   (You bought it in a shop in the Dungeon)

   It makes you more stealthy.
 E - a +2 helmet of see invisible
 F - a +0 pair of gloves of dexterity (worn)
 H - the +3 crown of Dyrovepreva (worn) {rElec Int+2 SInv}
   (You found it in the Dungeon)

   It affects your intelligence (+2).
   It insulates you from electricity.
   It lets you see invisible.
 I - +0 shadow dragon scales (worn)
Magical Staves
 b - an uncursed staff of cold
Jewellery
 p - a ring of protection from fire (left hand)
 q - an uncursed ring of fire
 s - a +2 ring of evasion
 t - a +2 ring of protection
 x - an uncursed ring of protection from fire
 z - a ring of protection from cold (right hand)
Wands
 n - a wand of iceblast (6)
Scrolls
 d - 4 scrolls of enchant armour
 j - 2 scrolls of enchant weapon
 k - 4 scrolls of blinking
 l - 2 scrolls of remove curse
 m - 2 scrolls of amnesia
 u - 2 scrolls of fog
 v - 2 scrolls of identify
 w - a scroll of silence
 C - a scroll of brand weapon
Potions
 e - 8 potions of curing
 g - 8 potions of heal wounds
 h - 3 potions of haste
 i - 4 potions of magic
 A - 2 potions of mutation
 B - a potion of agility
 J - a potion of brilliance
 K - a potion of might
Comestibles
 f - 13 rations


   Skills:
 + Level 12.9 Fighting
 + Level 11.5 Short Blades
 + Level 12.2 Long Blades
 + Level 11.5 Axes
 + Level 11.5 Maces & Flails
 + Level 11.5 Polearms
 + Level 11.5 Staves
 + Level 11.5 Slings
 + Level 11.5 Bows
 + Level 11.5 Crossbows
 + Level 11.5 Throwing
 + Level 12.9 Armour
 + Level 11.5 Dodging
 + Level 11.5 Stealth
 + Level 12.9 Shields
 + Level 11.5 Unarmed Combat
 + Level 11.5 Spellcasting
 + Level 9.8 Conjurations
 + Level 9.8 Hexes
 + Level 9.8 Charms
 + Level 9.8 Summonings
 + Level 9.8 Necromancy
 + Level 9.8 Translocations
 + Level 9.8 Transmutations
 + Level 9.8 Fire Magic
 + Level 9.8 Ice Magic
 + Level 9.8 Air Magic
 + Level 9.8 Earth Magic
 + Level 9.8 Poison Magic
 + Level 12.4 Invocations
 + Level 11.5 Evocations


You had 34 spell levels left.
You didn't know any spells.
Your spell library was empty.

Dungeon Overview and Level Annotations

Branches:
Dungeon (1/1)

Altars:
Cheibriados
Dithmenos
Elyvilon
Fedhas
Gozag
Hepliaklqana
Kikubaaqudgha
Makhleb
Nemelex Xobeh
Okawaru
Qazlal
Ru
Sif Muna
Trog
Uskayaw
Vehumet
Wu Jian
Xom
Yredelemnul
Zin
The Shining One
Beogh
Jiyva
Lugonu

Shops:
D !**[


Innate Abilities, Weirdness & Mutations

Your experience applies equally to all skills.
You have very sharp teeth.
Your uncanny sense of smell can sniff out nearby items.


Message History

The frost giant casts a spell at you. The bolt of cold misses you.
Unknown command.
You slash the frost giant!
The frost giant is severely wounded.
The frost giant hits you with a battleaxe of freezing.
* * * LOW HITPOINT WARNING * * *
Unknown command.
You slash the frost giant!
You bite the frost giant, but do no damage.
The frost giant is almost dead.
The necromancer casts a spell.
The necromancer flickers and vanishes for a moment.
Unknown command.
You slash the frost giant!
You bite the frost giant, but do no damage.
The frost giant is almost dead.
The frost giant casts a spell at you. The bolt of cold hits you! You resist.
You die...

▓_▓.▓.▓.▓.▓.▓.▓
▓_▓.▓.▓.▓.▓(▓.▓
▓_▓.▓.▓.▓'▓.▓.▓
▓'▓.▓'▓.▓)▓.▓.▓
▓.▓.▓†▓.▓)▓.▓'▓
▓.▓.▓†▓.▓)▓.▓)▓
▓|▓.▓†▓.▓)▓.▓)▓
▓)▓.▓÷▓.▓.▓)▓(▓
▓.▓.▓.▓.▓∩▓.▓@▓
▓.▓.▓.▓.▓)▓.▓C▓
▓.▓.▓†▓.▓∩▓.▓p▓
▓.▓.▓.▓.▓)▓.▓J▓
▓[▓.▓.▓.▓∩▓.▓.▓
▓)▓.▓[▓.▓.▓.▓.▓
▓†▓.▓.▓.▓∩▓.▓.▓
▓.▓.▓.▓.▓.▓.▓.▓
▓.▓.▓'▓.▓.▓.▓.▓


You could see a frost giant, a slime creature and a necromancer (invisible).

Vanquished Creatures
  A stone giant (D)
  A fire dragon (D)
  A great orb of eyes (D)
  A hydra (D)
  Erolcha (D)
  2 orc high priests (D)
  Urug (D)
  A skeletal warrior (D)
  6 orc knights (D)
  A manticore (D)
  A deep elf mage (D)
  An ugly thing (D)
  2 orc sorcerers (D)
  A black mamba (D)
  2 komodo dragons (D)
  A troll (D)
  5 polar bears (D)
  3 hippogriffs (D)
  A dream sheep (D)
  A vampire (D)
  2 wyverns (D)
  Eustachio (D)
  Grum (D)
  4 water moccasins (D)
  4 porcupines (D)
  A sky beast (D)
  3 black bears (D)
  7 orc warriors (D)
  3 ogres (D)
  4 wolves (D)
  A centaur (D)
  A crocodile (D)
  A big kobold (D)
  A bullfrog (D)
  A scorpion (D)
  A wight (D)
  3 orc wizards (D)
  4 orc priests (D)
  2 worker ants (D)
  2 shadow imps (D)
  15 orcs (D)
  A bat skeleton (D)
  A giant cockroach (D)
  A hobgoblin (D)
  A ball python zombie (D)
  A frilled lizard (D)
  A giant cockroach zombie (D)
  2 kobolds (D)
  A rat (D)
105 creatures vanquished.

Notes
Turn   | Place    | Note
-------+----------+-------------------------------------------
     0 | D        | Fallony the Gnoll Fighter began the quest for the Orb.
     0 | D        | Reached XP level 1. HP: 23/23 MP: 1/1
    17 | D        | Reached skill level 1 in Invocations
    57 | D        | Noticed an ogre
    57 | D        | Noticed an ogre
    57 | D        | Noticed a worker ant
    61 | D        | Killed an ogre
    61 | D        | Reached skill level 5 in Long Blades
    61 | D        | Reached XP level 2. HP: 21/31 MP: 2/5
    61 | D        | Reached XP level 3. HP: 24/36 MP: 2/7
    61 | D        | Reached XP level 4. HP: 29/43 MP: 2/8
    63 | D        | Killed an ogre
    63 | D        | Reached XP level 5. HP: 33/48 MP: 2/10
    73 | D        | Found a roughly hewn altar of Beogh.
    73 | D        | Found a snail-covered altar of Cheibriados.
    73 | D        | Found a shadowy altar of Dithmenos.
    73 | D        | Found a white marble altar of Elyvilon.
    73 | D        | Found a blossoming altar of Fedhas.
    73 | D        | Found an opulent altar of Gozag.
    74 | D        | Found a hazy altar of Hepliaklqana.
    75 | D        | Found a viscous altar of Jiyva.
    76 | D        | Found an ancient bone altar of Kikubaaqudgha.
    77 | D        | Became a worshipper of Cheibriados the Contemplative
   238 | D        | Found a corrupted altar of Lugonu.
   239 | D        | Found a burning altar of Makhleb.
   240 | D        | Found a sparkling altar of Nemelex Xobeh.
   241 | D        | Found an iron altar of Okawaru.
   242 | D        | Found a stormy altar of Qazlal.
   243 | D        | Found a sacrificial altar of Ru.
   244 | D        | Found a deep blue altar of Sif Muna.
   245 | D        | Found a bloodstained altar of Trog.
   246 | D        | Found a hide-covered altar of Uskayaw.
   247 | D        | Found a radiant altar of Vehumet.
   248 | D        | Found an ornate altar of the Wu Jian Council.
   249 | D        | Found a shimmering altar of Xom.
   250 | D        | Found a basalt altar of Yredelemnul.
   251 | D        | Found a glowing silver altar of Zin.
   252 | D        | Found a glowing golden altar of the Shining One.
   269 | D        | Got the +2 scimitar of Dismemberment {holy, -Tele rPois Str+8 Stlth+}
   305 | D        | Noticed an orc warrior
   305 | D        | Noticed a troll
   305 | D        | Noticed a sky beast
   305 | D        | Noticed a vampire
   308 | D        | Reached * piety under Cheibriados
   318 | D        | Killed an orc warrior
   318 | D        | Reached XP level 6. HP: 56/56 MP: 10/12
   327 | D        | Killed a troll
   327 | D        | Reached skill level 5 in Short Blades
   327 | D        | Reached skill level 5 in Axes
   327 | D        | Reached skill level 5 in Maces & Flails
   327 | D        | Reached skill level 5 in Polearms
   327 | D        | Reached skill level 5 in Staves
   327 | D        | Reached skill level 5 in Slings
   327 | D        | Reached skill level 5 in Bows
   327 | D        | Reached skill level 5 in Crossbows
   327 | D        | Reached skill level 5 in Throwing
   327 | D        | Reached skill level 5 in Dodging
   327 | D        | Reached skill level 5 in Stealth
   327 | D        | Reached skill level 5 in Unarmed Combat
   327 | D        | Reached skill level 5 in Spellcasting
   327 | D        | Reached skill level 5 in Invocations
   327 | D        | Reached skill level 5 in Evocations
   327 | D        | Reached XP level 7. HP: 43/63 MP: 11/14
   331 | D        | Reached ** piety under Cheibriados
   338 | D        | Killed a vampire
   423 | D        | Noticed a hippogriff
   428 | D        | Reached XP level 8. HP: 70/70 MP: 16/16
   431 | D        | Killed a hippogriff
   431 | D        | Reached *** piety under Cheibriados
   431 | D        | Reached skill level 5 in Conjurations
   431 | D        | Reached skill level 5 in Hexes
   431 | D        | Reached skill level 5 in Charms
   431 | D        | Reached skill level 5 in Summonings
   431 | D        | Reached skill level 5 in Necromancy
   431 | D        | Reached skill level 5 in Translocations
   431 | D        | Reached skill level 5 in Transmutations
   431 | D        | Reached skill level 5 in Fire Magic
   431 | D        | Reached skill level 5 in Ice Magic
   431 | D        | Reached skill level 5 in Air Magic
   431 | D        | Reached skill level 5 in Earth Magic
   431 | D        | Reached skill level 5 in Poison Magic
   438 | D        | Reached **** piety under Cheibriados
   593 | D        | Noticed a wyvern
   598 | D        | Killed a wyvern
   599 | D        | Reached ***** piety under Cheibriados
   599 | D        | Reached XP level 9. HP: 73/78 MP: 17/19
   600 | D        | Noticed a black mamba
   602 | D        | Noticed a komodo dragon
   611 | D        | Killed a black mamba
   619 | D        | Killed a komodo dragon
   619 | D        | Reached skill level 10 in Fighting
   619 | D        | Reached skill level 10 in Armour
   619 | D        | Reached skill level 10 in Shields
   736 | D        | Noticed a komodo dragon
   739 | D        | Reached ****** piety under Cheibriados
   741 | D        | Killed a komodo dragon
   742 | D        | Reached XP level 10. HP: 86/86 MP: 15/22
   923 | D        | Reached skill level 10 in Long Blades
  1015 | D        | Noticed Grum
  1031 | D        | Killed Grum
  1058 | D        | Noticed Eustachio
  1064 | D        | Killed Eustachio
  1064 | D        | Reached skill level 10 in Invocations
  1256 | D        | Noticed an orc knight
  1256 | D        | Noticed an orc knight
  1256 | D        | Noticed an orc knight
  1256 | D        | Noticed an orc knight
  1261 | D        | Killed an orc knight
  1261 | D        | Reached XP level 11. HP: 40/93 MP: 8/24
  1262 | D        | HP: 1/93 [orc knight/bardiche (40)]
  1264 | D        | Killed an orc knight
  1264 | D        | Killed an orc knight
  1264 | D        | Killed an orc knight
  1575 | D        | Found Cang's Distillery.
  1575 | D        | Noticed an orc sorcerer
  1575 | D        | Noticed an orc knight
  1575 | D        | Noticed an orc high priest
  1578 | D        | Found Teil's General Store.
  1582 | D        | Killed an orc sorcerer
  1582 | D        | Reached skill level 10 in Short Blades
  1582 | D        | Reached skill level 10 in Axes
  1582 | D        | Reached skill level 10 in Maces & Flails
  1582 | D        | Reached skill level 10 in Polearms
  1582 | D        | Reached skill level 10 in Staves
  1582 | D        | Reached skill level 10 in Slings
  1582 | D        | Reached skill level 10 in Bows
  1582 | D        | Reached skill level 10 in Crossbows
  1582 | D        | Reached skill level 10 in Throwing
  1582 | D        | Reached skill level 10 in Dodging
  1582 | D        | Reached skill level 10 in Stealth
  1582 | D        | Reached skill level 10 in Unarmed Combat
  1582 | D        | Reached skill level 10 in Spellcasting
  1582 | D        | Reached skill level 10 in Evocations
  1585 | D        | Killed an orc knight
  1585 | D        | Killed an orc high priest
  1586 | D        | Found Saulaoti's General Store.
  1590 | D        | Found Adiugen's Antique Armour Shoppe.
  1592 | D        | Noticed an orc sorcerer
  1595 | D        | Noticed an orc high priest
  1599 | D        | Killed an orc sorcerer
  1601 | D        | Noticed a sun demon
  1601 | D        | Noticed a sixfirhy
  1601 | D        | Noticed an orc knight
  1607 | D        | Killed an orc high priest
  1613 | D        | Killed an orc knight
  1664 | D        | Bought a potion of mutation for 112 gold pieces
  1664 | D        | Bought a potion of mutation for 112 gold pieces
  1664 | D        | Bought a potion of agility for 56 gold pieces
  1668 | D        | Bought a scroll of brand weapon for 280 gold pieces
  1668 | D        | Bought a potion of heal wounds for 70 gold pieces
  1668 | D        | Bought a scroll of blinking for 105 gold pieces
  1670 | D        | Bought a pair of transparent boots for 209 gold pieces
  1670 | D        | Bought a glowing helmet for 165 gold pieces
  1670 | D        | Bought a pair of runed gloves for 165 gold pieces
  1680 | D        | Identified the cursed -5 pair of boots of Jigum {Stlth+} (You bought it in a shop in the Dungeon)
  1735 | D        | Noticed Erolcha
  1744 | D        | Killed Erolcha
  1755 | D        | Noticed Urug
  1766 | D        | Killed Urug
  1826 | D        | Found the +3 crown of Dyrovepreva {rElec Int+2 SInv}
  1892 | D        | Noticed a red ugly thing
  1892 | D        | Noticed a skeletal warrior
  1892 | D        | Noticed a deep elf mage
  1893 | D        | Noticed an eight-headed hydra
  1898 | D        | Killed a red ugly thing
  1899 | D        | Noticed a manticore
  1902 | D        | Killed a skeletal warrior
  1902 | D        | Reached XP level 12. HP: 101/103 MP: 11/26
  1903 | D        | Noticed a great orb of eyes
  1905 | D        | Noticed a stone giant
  1907 | D        | Noticed a fire dragon
  1909 | D        | Killed an eight-headed hydra
  1915 | D        | Killed a great orb of eyes
  1924 | D        | Killed a stone giant
  1932 | D        | Noticed a frost giant
  1933 | D        | Killed a fire dragon
  1948 | D        | Killed from afar by a frost giant

Vault maps used:
D:        linesprint

Skill      XL: |  1  2  3  4  5  6  7  8  9 10 11 12 |
---------------+-------------------------------------+-----
Invocations    | 3 4 5 6 7 9 10 11 12 | 12.4
Fighting       | 7 8 9 10 11 12 | 12.9
Short Blades   | 2 3 4 5 7 8 9 10 11 | 11.5
Long Blades    | 5 6 7 8 9 10 11 12 | 12.2
Axes           | 2 3 4 5 7 8 9 10 11 | 11.5
Maces & Flails | 2 3 4 5 7 8 9 10 11 | 11.5
Polearms       | 2 3 4 5 7 8 9 10 11 | 11.5
Staves         | 2 3 4 5 7 8 9 10 11 | 11.5
Slings         | 2 3 4 5 7 8 9 10 11 | 11.5
Bows           | 2 3 4 5 7 8 9 10 11 | 11.5
Crossbows      | 2 3 4 5 7 8 9 10 11 | 11.5
Throwing       | 2 3 4 5 7 8 9 10 11 | 11.5
Armour         | 7 8 9 10 11 12 | 12.9
Dodging        | 2 3 4 5 7 8 9 10 11 | 11.5
Stealth        | 2 3 4 5 7 8 9 10 11 | 11.5
Shields        | 7 8 9 10 11 12 | 12.9
Unarmed Combat | 2 3 4 5 7 8 9 10 11 | 11.5
Spellcasting   | 2 3 4 5 7 8 9 10 11 | 11.5
Conjurations   | 2 3 4 5 6 7 9 |  9.8
Hexes          | 2 3 4 5 6 7 9 |  9.8
Charms         | 2 3 4 5 6 7 9 |  9.8
Summonings     | 2 3 4 5 6 7 9 |  9.8
Necromancy     | 2 3 4 5 6 7 9 |  9.8
Translocations | 2 3 4 5 6 7 9 |  9.8
Transmutations | 2 3 4 5 6 7 9 |  9.8
Fire Magic     | 2 3 4 5 6 7 9 |  9.8
Ice Magic      | 2 3 4 5 6 7 9 |  9.8
Air Magic      | 2 3 4 5 6 7 9 |  9.8
Earth Magic    | 2 3 4 5 6 7 9 |  9.8
Poison Magic   | 2 3 4 5 6 7 9 |  9.8
Evocations     | 2 3 4 5 7 8 9 10 11 | 11.5

Action                   |  1- 3 |  4- 6 |  7- 9 | 10-12 || total
-------------------------+-------+-------+-------+-------++-------
Melee: Long sword        |    14 |     5 |       |       ||    19
       Bite              |     1 |     5 |    13 |    39 ||    58
       Scimitar          |       |    20 |    48 |    93 ||   161
       Staff             |       |       |       |    22 ||    22
Invok: Slouch            |       |       |     2 |    21 ||    23
Evoke: Wand              |       |       |       |     4 ||     4
  Use: Potion            |     1 |     1 |     1 |     2 ||     5
       Scroll            |       |       |       |     2 ||     2
 Stab: Invisible         |       |     5 |     1 |       ||     6
       Sleeping          |       |       |     2 |     4 ||     6
       Distracted        |       |       |       |     1 ||     1
  Eat: Chunk             |       |       |       |     3 ||     3
Armor: Scale mail        |     2 |     5 |     6 |     9 ||    22
       Shadow dragon sca |       |       |       |     8 ||     8
Dodge: Dodged            |     4 |    12 |    16 |    74 ||   106
Block: Shield            |     7 |    14 |    23 |    82 ||   126
       Rpst.: Scimitar   |       |     4 |     9 |    16 ||    29
       Long sword        |       |     1 |       |       ||     1

Table legend:
 A = Spawn XP
 B = Non-spawn XP
 C = Spawn XP percentage of total XP
 D = Spawn monster count
 E = Non-spawn monster count
 F = Spawn count percentage of total count
 G = Total turns spent on level
                    A         B        C        D         E        F      G
               +---------+---------+-------+---------+---------+-------+---------
         Total |       0 |   24666 |   0.0 |       0 |     105 |   0.0 |  1948
               +---------+---------+-------+---------+---------+-------+---------
             D |       0 |   24666 |   0.0 |       0 |     105 |   0.0 |  1948
               +---------+---------+-------+---------+---------+-------+---------
